 Dungeon Crawl Stone Soup version 0.25-a0-356-g7c9d860b3b (webtiles) character file.

Game seed: 16236887272305120097, levelgen mode: deterministic

24146 Error4North the Blocker (level 13, -1/107 HPs)
             Began as a Hill Orc Fighter on Dec 31, 2019.
             Was a High Priest of Okawaru.
             Incinerated by a smoke demon (8 damage)
             ... with a sticky flame
             ... on level 1 of the Abyss on Jan 3, 2020.
             The game lasted 01:25:18 (14764 turns).

Error4North the Blocker (Hill Orc Fighter)         Turns: 14764, Time: 01:25:19

Health: -1/107     AC: 32    Str: 27      XL:     13   Next: 11%
Magic:  17/21      EV:  8    Int:  9 (10) God:    Okawaru [*****.]
Gold:   690        SH: 28    Dex:  4 (6)  Spells: 22/22 levels left

rFire    . . .     SeeInvis .   w - +1 hand axe (flame)
rCold    + . .     Gourm    .   x - +2 large shield
rNeg     + + .     Faith    .   C - +5 plate armour of the Distant Future {rPois rN+ MR+ Dex-4}
rPois    +         Spirit   .   D - +1 helmet
rElec    .         Reflect  .   B - +1 cloak
rCorr    .         Harm     .   h - +1 pair of gloves
MR       +....     Clarity  +   z - +1 pair of boots
Stlth    ..........             F - amulet of regeneration
HPRegen  0.00/turn              t - +5 ring of strength
MPRegen  0.17/turn              j - ring of Eternal Harmony {rC+ rN+}

@: liquid flames, heroism, finesse, non-regenerating, diseased, glowing
A: large bone plates 1, clarity, deterioration 1
a: Heroism, Finesse, Renounce Religion


You were on level 1 of the Abyss.
You worshipped Okawaru.
Okawaru was extremely pleased with you.
You were not hungry.

You visited 4 branches of the dungeon, and saw 16 of its levels.
You visited the Abyss 1 time.
You also visited: Bailey.

You collected 1160 gold pieces.
You spent 470 gold pieces at shops.

Inventory:

Hand Weapons
 w - a +1 hand axe of flaming (weapon)
Missiles
 i - 5 javelins (quivered)
 q - 7 boomerangs
Armour
 h - a +1 pair of gloves (worn)
 x - a +2 large shield (worn)
 z - a +1 pair of boots (worn)
 B - a +1 cloak (worn)
 C - the +5 plate armour of the Distant Future (worn) {rPois rN+ MR+ Dex-4}
   (You found it on level 10 of the Dungeon)

   It affects your dexterity (-4).
   It protects you from poison.
   It protects you from negative energy.
   It affects your resistance to hostile enchantments.
 D - a +1 helmet (worn)
Jewellery
 j - the ring of Eternal Harmony (right hand) {rC+ rN+}
   (You bought it in a shop on level 2 of the Orcish Mines)

   [ring of protection from cold]

   It protects you from cold.
   It protects you from negative energy.
 t - a +5 ring of strength (left hand)
 F - an amulet of regeneration (around neck)
Wands
 a - a wand of polymorph (6)
 b - a wand of flame (17)
 r - a wand of clouds (4)
 A - a wand of random effects (51)
 E - a wand of digging (8)
 I - a wand of enslavement (4)
Scrolls
 d - 3 scrolls of remove curse
 g - 5 scrolls of teleportation
 k - 3 scrolls of identify
 l - a scroll of fog {unknown}
 m - a scroll of amnesia {unknown}
 n - 2 scrolls of blinking {unknown}
 p - a scroll of immolation
 y - 3 scrolls of fear
 J - a scroll of enchant weapon {unknown}
Potions
 c - 2 potions of berserk rage
 o - a potion of agility
 s - a potion of haste
 u - a potion of mutation
Comestibles
 f - 35 rations


   Skills:
 * Level 8.2(13.2) Fighting
 + Level 11.7(16.7) Axes
 + Level 1.0(6.0) Throwing
 * Level 9.4(14.4) Armour
 + Level 2.4(7.4) Dodging
 + Level 1.8(6.8) Stealth
 * Level 13.3(18.3) Shields
 * Level 5.4 Spellcasting
 * Level 7.7 Invocations
 * Level 6.5 Evocations


You had 22 spell levels left.
You didn't know any spells.
Your spell library contained the following spells:

 Spells                   Type           Power        Failure   Level  Hunger
 Ignite Poison            Fire/Tmut/Pois #.......     100%        3    ###....
 Bolt of Magma            Conj/Fire/Erth #.........   100%        5    ######.
 Fireball                 Conj/Fire      #.........   100%        5    ######.
 Iskenderun's Battlesphe  Conj/Chrm      #.......     100%        5    ######.
 Iron Shot                Conj/Erth      #.........   100%        6    #######
 Starburst                Conj/Fire      #.........   100%        6    #######
 Orb of Destruction       Conj           #.........   100%        7    #######
 Ring of Flames           Chrm/Fire      #.........   100%        7    #######
 Spellforged Servitor     Conj/Summ      #.........   100%        7    #######
 Ignition                 Fire           #.........   100%        8    #######


Dungeon Overview and Level Annotations

Branches:
Dungeon (12/15)            Temple (1/1) D:4            Lair (1/6) D:8
    Orc (2/2) D:10         Bailey (visited)
    Elf: Orc:2

Altars:
Ashenzari
Cheibriados
Dithmenos
Elyvilon
Fedhas
Gozag
Hepliaklqana
Kikubaaqudgha
Makhleb
Nemelex Xobeh
Okawaru
Qazlal
Ru
Sif Muna
Trog
Uskayaw
Vehumet
Wu Jian
Xom
Yredelemnul
Zin
The Shining One
Beogh

Shops:
D:7 *   D:9 %   D:11 [:   Orc:2 =(

Annotations:
D:4 1 runed translucent door, Borgoz's ghost, amateur GrBe


Innate Abilities, Weirdness & Mutations

You are partially covered in large bone plates. (SH +4)
You possess an exceptional clarity of mind.
Your body sometimes deteriorates upon taking damage.


Message History

You block the thrashing horror's attack.
The smoke demon gestures at you. The sticky flame hits you.
You are covered in liquid flames!
* * * LOW HITPOINT WARNING * * *
You are covered in liquid flames!
* * * LOW HITPOINT WARNING * * *
The thrashing horror roars!
You block the thrashing horror's attack. x2
The thrashing horror tramples you but does no damage.
The thrashing horror tramples you.
* * * LOW HITPOINT WARNING * * *
You stumble backwards!
You are covered in liquid flames!
* * * LOW HITPOINT WARNING * * *
You are covered in liquid flames!
* * * LOW HITPOINT WARNING * * *
The thrashing horror tramples you but does no damage. x2
You are covered in liquid flames!
You die...

#......v.#
#.#..#....##
.##)..#..#
###.#....## .
###.#.#.#.#.#
#..X3..#...##
...#...##..#..#
#...##.......#.#
##....#@.#..## #
#..........###
.#..##.....# #..
#.##..## .# ..
#..# # #....
#..# # #.#. #
#.. (. . .#. .
#≈ . #


You could see a thrashing horror and a smoke demon.

Vanquished Creatures
  Harold (D:7)
  Erica (D:8)
  5 two-headed ogres
  A spatial maelstrom (Abyss:1)
  An ugly thing (D:11)
  2 orc knights (Orc:2)
  The ghost of tilp the Covert, a novice SpEn of Makhleb (D:7)
  Pikel (D:5)
  3 orc sorcerers (Orc:2)
  A cyclops (Orc:1)
  Joseph (D:7)
  Maurice (D:9)
  A gargoyle (D:10)
  Psyche (D:8)
  A komodo dragon (Lair:1)
  An ancient zyme (Abyss:1)
  A queen bee (D:11)
  3 trolls
  Prince Ribbit (D:8)
  4 hippogriffs
  A spriggan (D:7)
  2 wraiths
  A vampire (D:7)
  3 wyverns
  A basilisk (D:8)
  4 wargs
  Duvessa (D:4)
  A porcupine (Lair:1)
  A water moccasin (Lair:1)
  2 soldier ants (D:11)
  A swamp drake (D:8)
  2 sky beasts
  A black bear (D:10)
  4 ice beasts
  27 orc warriors
  2 phantoms
  8 ogres
  12 centaurs
  3 crocodiles
  4 big kobolds
  9 bullfrogs
  Dowan (D:4)
  A gnoll sergeant (D:9)
  A wyvern zombie (D:9)
  3 scorpions
  11 killer bees (D:11)
  6 wights
  5 howler monkeys
  5 crimson imps
  2 bullfrog zombies
  A quasit (D:10)
  5 hounds
  2 jellies
  An iron imp (D:9)
  14 orc priests
  13 orc wizards
  2 centaur skeletons
  An iguana (D:7)
  8 worker ants
  3 hound skeletons
  2 hound zombies (D:5)
  10 gnolls
  2 howler monkey zombies (D:8)
  19 adders
  A howler monkey skeleton (D:7)
  3 shadow imps
  A white imp (Abyss:1)
  An ooze (D:2)
  A spectral adder (D:7)
  An adder skeleton (D:5)
  3 dart slugs
  6 leopard geckos
  81 orcs
  7 ball pythons
  7 bats
  A bat zombie (D:8)
  3 giant cockroaches
  10 goblins
  8 hobgoblins
  9 jackals
  6 quokkas
  7 frilled lizards
  30 kobolds
  A leopard gecko skeleton (D:6)
  8 rats
  2 rat zombies (D:8)
437 creatures vanquished.

Vanquished Creatures (collateral kills)
  A hungry ghost (D:8)
1 creature vanquished.

Vanquished Creatures (others)
  An orc high priest (Orc:2)
  Sigmund (D:5)
  Eustachio (D:5)
  An ogre (Orc:2)
  A leopard gecko (D:8)
  A giant cockroach (D:5)
  A jackal (D:5)
  A fungus (D:3)
8 creatures vanquished.

Grand Total: 446 creatures vanquished

Notes
Turn   | Place    | Note
-------+----------+-------------------------------------------
     0 | D:1      | Error4North the Hill Orc Fighter began the quest for the
                  | Orb.
     0 | D:1      | Reached XP level 1. HP: 19/19 MP: 1/1
    42 | D:1      | Reached XP level 2. HP: 20/27 MP: 2/2
   377 | D:1      | Reached XP level 3. HP: 29/33 MP: 3/3
   924 | D:2      | Reached skill level 4 in Shields
  1248 | D:2      | Reached XP level 4. HP: 39/40 MP: 5/5
  1249 | D:2      | Reached skill level 1 in Spellcasting
  2069 | D:2      | Reached XP level 5. HP: 37/46 MP: 6/6
  2950 | D:3      | Reached XP level 6. HP: 9/52 MP: 8/8
  3354 | D:3      | Found a shadowy altar of Dithmenos.
  3946 | D:4      | Noticed Duvessa
  3946 | D:4      | Noticed Dowan
  4109 | D:3      | Reached skill level 5 in Axes
  4397 | D:4      | Killed Duvessa
  4397 | D:4      | Reached skill level 5 in Armour
  4397 | D:4      | Reached skill level 5 in Shields
  4397 | D:4      | Reached XP level 7. HP: 60/60 MP: 9/9
  4423 | D:4      | Killed Dowan
  4465 | D:4      | Upgraded the game from 0.25-a0-346-g140ab784a8 to
                  | 0.25-a0-353-ged6d54792d
  4553 | D:4      | Found a staircase to the Ecumenical Temple.
  4585 | Temple   | Entered the Ecumenical Temple
  4917 | D:4      | Found a runed translucent door.
  4918 | D:4      | Noticed Borgoz's ghost (amateur GrBe)
  4953 | D:4      | Reached skill level 1 in Dodging
  4990 | D:4      | Found an ornate altar of the Wu Jian Council.
  5149 | D:5      | Entered Level 5 of the Dungeon
  5180 | D:5      | Reached skill level 6 in Shields
  5209 | D:5      | Reached XP level 8. HP: 48/67 MP: 11/11
  5338 | D:5      | Noticed Pikel
  5351 | D:5      | Killed Pikel
  5351 | D:5      | Reached skill level 7 in Shields
  5351 | D:5      | Reached skill level 1 in Evocations
  5467 | D:5      | Killed Eustachio
  5573 | D:5      | Killed Sigmund
  5625 | D:5      | Found an iron altar of Okawaru.
  5636 | D:5      | Became a worshipper of Warmaster Okawaru
  5714 | D:5      | Found a bloodstained altar of Trog.
  5823 | D:5      | Found a basalt altar of Yredelemnul.
  5869 | D:5      | Found a white marble altar of Elyvilon.
  5932 | D:5      | Found a blossoming altar of Fedhas.
  5932 | D:5      | Found a shimmering altar of Xom.
  6157 | D:6      | Reached * piety under Okawaru
  6157 | D:6      | Reached XP level 9. HP: 25/73 MP: 13/13
  6523 | D:6      | Found a sparkling altar of Nemelex Xobeh.
  6658 | D:6      | Found an opulent altar of Gozag.
  6764 | D:6      | Found a shadowy altar of Dithmenos.
  7295 | D:7      | Noticed Harold
  7309 | D:7      | Reached skill level 5 in Fighting
  7340 | D:7      | Killed Harold
  7340 | D:7      | Reached ** piety under Okawaru
  7340 | D:7      | Reached skill level 8 in Shields
  7340 | D:7      | Reached skill level 1 in Invocations
  7481 | D:7      | Found Palal's Assorted Antiques.
  7596 | D:7      | Found a transporter.
  7612 | D:7      | Found a transporter.
  7613 | D:7      | Noticed tilp's ghost (novice SpEn)
  7717 | D:7      | Noticed Joseph
  7749 | D:7      | Killed Joseph
  7873 | D:7      | Reached *** piety under Okawaru
  7873 | D:7      | Reached skill level 9 in Shields
  7873 | D:7      | Reached XP level 10. HP: 81/81 MP: 15/15
  8298 | D:7      | Killed tilp's ghost
  8623 | D:8      | Found an ancient bone altar of Kikubaaqudgha.
  8682 | D:8      | Noticed Prince Ribbit
  8880 | D:8      | Noticed Erica
  8920 | D:8      | Killed Erica
  8920 | D:8      | Reached **** piety under Okawaru
  9006 | D:8      | Noticed Psyche
  9075 | D:8      | Reached skill level 1 in Stealth
  9295 | D:8      | Killed Prince Ribbit
  9295 | D:8      | Reached skill level 10 in Axes
  9715 | D:8      | Killed Psyche
  9715 | D:8      | Reached skill level 10 in Shields
  9738 | D:8      | Reached XP level 11. HP: 64/89 MP: 17/17
  9844 | D:8      | Found a staircase to the Lair.
  9929 | Lair:1   | Entered Level 1 of the Lair of Beasts
  9943 | Lair:1   | Reached skill level 5 in Invocations
 10023 | Lair:1   | Reached ***** piety under Okawaru
 10140 | D:9      | Found a burning altar of Makhleb.
 10278 | D:9      | Found Acibubla's Food Emporium.
 10309 | D:9      | Received a gift from Okawaru
 10434 | D:9      | Noticed Maurice
 10481 | D:9      | Killed Maurice
 10624 | D:9      | Found a snail-covered altar of Cheibriados.
 10998 | D:10     | Entered Level 10 of the Dungeon
 11241 | D:10     | Reached skill level 5 in Evocations
 11326 | D:10     | You fall into a shaft and drop 2 floors!
 11439 | D:11     | Found Quogoah's Antique Armour Shoppe.
 11603 | D:11     | Reached skill level 11 in Shields
 11631 | D:11     | Found a flagged portal.
 11640 | Bailey   | Entered a bailey
 11797 | Bailey   | Upgraded the game from 0.25-a0-353-ged6d54792d to
                  | 0.25-a0-356-g7c9d860b3b
 11874 | Bailey   | Noticed an orc knight
 11876 | Bailey   | Identified the +9 gold dragon scales "Idoqel" {rPois rF+
                  | rC+ rN+ Str+3 Int-3}
 12334 | D:11     | Received a gift from Okawaru
 12520 | D:11     | Noticed a two-headed ogre
 12614 | D:11     | Found Juidoel's Book Boutique.
 12620 | D:11     | Noticed a green ugly thing
 12631 | D:11     | Killed a two-headed ogre
 12631 | D:11     | Reached XP level 12. HP: 97/97 MP: 10/18
 13054 | D:10     | Found a staircase to the Orcish Mines.
 13124 | D:10     | Got a faintly glowing plate armour
 13125 | D:10     | Identified the +5 plate armour of the Distant Future {rPois
                  | rN+ MR+ Dex-4} (You found it on level 10 of the Dungeon)
 13151 | Orc:1    | Entered Level 1 of the Orcish Mines
 13217 | Orc:1    | Reached skill level 1 in Throwing
 13337 | Orc:2    | Entered Level 2 of the Orcish Mines
 13337 | Orc:2    | Noticed a two-headed ogre
 13363 | Orc:2    | Killed a two-headed ogre
 13363 | Orc:2    | Reached skill level 12 in Shields
 13716 | Orc:2    | Reached skill level 5 in Spellcasting
 13834 | Orc:2    | Noticed a two-headed ogre
 13844 | Orc:2    | Gained mutation: You are partially covered in large bone
                  | plates. (SH +4) [potion of mutation]
 13844 | Orc:2    | Gained mutation: Your body sometimes deteriorates upon
                  | taking damage. [potion of mutation]
 13844 | Orc:2    | Gained mutation: You possess an exceptional clarity of
                  | mind. [potion of mutation]
 13852 | Orc:2    | HP: 5/100 [orc priest/divine providence (11)]
 13859 | Orc:2    | Killed a two-headed ogre
 13891 | Orc:2    | Noticed a two-headed ogre
 13900 | Orc:2    | Noticed a two-headed ogre
 13925 | Orc:2    | Killed a two-headed ogre
 13930 | Orc:2    | Killed a two-headed ogre
 14262 | Orc:2    | Found Cepoume's Jewellery Emporium.
 14278 | Orc:2    | Bought the ring of Eternal Harmony {rC+ rN+} for 470 gold
                  | pieces
 14292 | Orc:2    | Found a roughly hewn altar of Beogh.
 14348 | Orc:2    | Reached skill level 13 in Shields
 14389 | Orc:2    | Reached XP level 13. HP: 70/107 MP: 15/21
 14452 | Orc:2    | HP: 4/107 [smoke demon/ball of steam[an orc high priest]
                  | (29)]
 14643 | Orc:2    | Found Jorusk's Weapon Shoppe.
 14691 | Orc:2    | Cast into level 1 of the Abyss (orc knight)
 14691 | Abyss:1  | Found a corrupted altar of Lugonu.
 14747 | Abyss:1  | Received a gift from Okawaru
 14764 | Abyss:1  | Incinerated by a smoke demon

Levels and vault maps discovered:
D:1:      tarquinn_simple_flora_water_f, layout_rooms,
          minmay_misc_feat_nine_boxes
D:2:      layout_basic, minmay_hedge_maze
D:3:      layout_basic, lemuel_round_altar, first_ration,
          minmay_shallow_snake_nest
D:4:      layout_gridville, kennysheep_little_box,
          minmay_temple_entry_mini_moons, ebering_ghost_inner_flame,
          uniq_duvessa
D:5:      layout_rooms, old_standard_altar, bloody_trog,
          amethyst_overflow_temple_binary, yredelemnul_altar_generic,
          serial_rivers, chequers_serial_rivers_room_b,
          chequers_serial_rivers_micro_a, chequers_serial_rivers_micro_c,
          chequers_serial_rivers_micro_c, chequers_serial_rivers_small_3,
          okawaru_metal_pillars_3, uniq_sigmund, uniq_eustachio, uniq_pikel
D:6:      layout_loops_cross, overflow_temple_1_default, kennysheep_mini_moat,
          grunt_dithmenos_smoke
D:7:      layout_loops_ring, gammafunk_ghost_mausoleum, serial_shops,
          nicolae_shop_trees, the_bakery, uniq_harold, uniq_joseph
D:8:      layout_loops_ring, lemuel_zombie_altar_kikubaaqudgha,
          erik_lair_dragon, uniq_psyche, uniq_prince_ribbit1, uniq_erica
D:9:      layout_irregular_city, slow_altar_1, serial_shops,
          nicolae_shop_crystal, bloody_makhleb, uniq_maurice
D:10:     layout_stronghold, minmay_orc_entry_guard_dogs
D:11:     layout_loops_ring, enter_bailey_3, serial_shops, shop, shop,
          special_room [special_room_bee]
D:12:     layout_rooms, uniq_josephine
Temple:   dpeg_chambers_temple
Lair:1:   layout_cave_shapes, serial_bayou_shore_b, lemuel_fruit_tree
Orc:1:    layout_diamond_mine, mines1_david
Orc:2:    pubby_orc_utopia
Abyss:1:  base:
Lair:4

Skill      XL: |  1  2  3  4  5  6  7  8  9 10 11 12 |
---------------+-------------------------------------+-----
Axes           | 3 4 5 6 7 8 10 11 | 11.7
Fighting       | 4 5 6 8 |  8.2
Shields        | 4 5 6 7 9 10 11 13 | 13.3
Spellcasting   | 1 2 3 4 5 |  5.4
Armour         | 4 5 6 7 8 9 |  9.4
Dodging        | 1 2 |  2.4
Evocations     | 2 3 4 5 6 |  6.5
Invocations    | 3 4 6 7 |  7.7
Stealth        | 1 |  1.8
Throwing       | 1 |  1.0

Action                   |  1- 3 |  4- 6 |  7- 9 | 10-12 | 13-15 || total
-------------------------+-------+-------+-------+-------+-------++-------
Melee: War axe           |   162 |   258 |    34 |       |       ||   454
       Hand axe          |       |       |   348 |  1285 |    97 ||  1730
Throw: Dart              |       |       |       |    20 |       ||    20
       Boomerang         |       |       |       |    19 |       ||    19
       Javelin           |       |       |       |    12 |       ||    12
Invok: Heroism           |       |       |     1 |    11 |     2 ||    14
       Finesse           |       |       |       |     5 |     1 ||     6
Evoke: Wand              |       |       |       |     6 |       ||     6
  Use: Potion            |       |     2 |       |    17 |       ||    19
       Scroll            |       |     1 |     7 |    10 |       ||    18
 Stab: Invisible         |       |       |       |    14 |       ||    14
  Eat: Chunk             |     1 |     7 |     2 |    12 |       ||    22
       Ration            |       |     1 |     3 |     3 |     1 ||     8
Armor: Scale mail        |   104 |    27 |       |       |       ||   131
       Chain mail        |       |   104 |   104 |   295 |       ||   503
       Skin              |       |     7 |     4 |    32 |       ||    43
       Plate armour      |       |       |       |    94 |    50 ||   144
Dodge: Dodged            |    66 |    63 |    31 |   148 |     6 ||   314
Block: Shield            |    98 |   106 |       |       |       ||   204
       Large shield      |       |    38 |   297 |  1270 |   117 ||  1722

Table legend:
 A = Non-vault XP
 B = Vault XP
 C = Vault XP percentage of total XP
 D = Non-vault monster count
 E = Vault monster count
 F = Vault count percentage of total count
                 A         B        C        D         E       F
            +---------+---------+-------+---------+---------+-------
      Total |   14030 |   20465 |  59.3 |     276 |     164 |  37.3
            +---------+---------+-------+---------+---------+-------
        D:1 |      45 |       0 |   0.0 |      27 |       0 |   0.0
        D:2 |     124 |       0 |   0.0 |      24 |       0 |   0.0
        D:3 |     281 |      21 |   7.0 |      22 |       7 |  24.1
        D:4 |     385 |     234 |  37.8 |      23 |       2 |   8.0
        D:5 |     486 |     571 |  54.0 |      24 |       1 |   4.0
        D:6 |     549 |       0 |   0.0 |      14 |       0 |   0.0
        D:7 |     704 |    2870 |  80.3 |      15 |      10 |  40.0
        D:8 |     834 |    2484 |  74.9 |      29 |      11 |  27.5
        D:9 |    1967 |     497 |  20.2 |      22 |       2 |   8.3
       D:10 |    1910 |     161 |   7.8 |      29 |       1 |   3.3
       D:11 |    3642 |     980 |  21.2 |      31 |      16 |  34.0
       D:12 |     214 |     214 |  50.0 |       2 |       1 |  33.3
     Lair:1 |     835 |       0 |   0.0 |       5 |       0 |   0.0
      Orc:1 |     963 |     136 |  12.4 |       6 |       1 |  14.3
      Orc:2 |       0 |   12134 | 100.0 |       0 |     100 | 100.0
    Abyss:1 |    1091 |       0 |   0.0 |       3 |       0 |   0.0
     Bailey |       0 |     163 | 100.0 |       0 |      12 | 100.0
            +---------+---------+-------+---------+---------+-------
